 Dungeon Crawl Stone Soup version 0.24.1-14-gf8d2b509d9 (console) character file.

Game seed: 13705929932957036730, levelgen mode: deterministic

608041 Kagalorn the Slayer (level 26, -1/385 (387) HPs)
             Began as a Minotaur Wanderer on Feb 26, 2021.
             Was the Champion of the Shining One.
             Slain by a death ooze (19 damage)
             ... created by the Royal Jelly
             ... while paralysed by a floating eye
             ... on level 5 of the Pits of Slime on Feb 27, 2021.
             The game lasted 02:28:23 (63141 turns).

Kagalorn the Slayer (Minotaur Wanderer)            Turns: 63141, Time: 02:28:24

HP:   -1/385 (387)  AC: 21    Str: 31    XL:     26   Next: 68%
MP:   20/32         EV:  2    Int:  9    God:    the Shining One [******]
Gold: 2992          SH:  0    Dex: 18    Spells: 25/25 levels left

rFire    + . .     SeeInvis .   a - +9 broad axe (flame)
rCold    + . .     Gourm    .   O - +0 large shield
rNeg     + + +     Faith    +   k - +9 scales of the Dragon King {rPois rF+ rC+ MR+}
rPois    +         Spirit   .   (helmet restricted)
rElec    .         Reflect  .   u - +2 cloak {MR+}
rCorr    +         Harm     .   M - +2 pair of gloves
MR       +++..                  e - +0 pair of boots {run}
Stlth    ..........             R - amulet of faith
HPRegen  0.00/turn              j - ring of resist corrosion
MPRegen  0.23/turn              r - +4 ring of slaying

@: paralysed, agile, berserking (expiring), divine shield, corroded,
non-regenerating, badly diseased, hasted, glowing, quick
A: retaliatory headbutt, horns 2, blurry vision 1, evolution 1
}: 3/15 runes: decaying, silver, gossamer
a: Divine Shield, Cleansing Flame, Summon Divine Warrior, Brand Weapon With Holy
Wrath, Renounce Religion


You were on level 5 of the Pits of Slime.
You worshipped the Shining One.
The Shining One was exalted by your worship.
You were not hungry.

You visited 9 branches of the dungeon, and saw 49 of its levels.
You also visited: Ice Cave and Wizlab.

You collected 7045 gold pieces.
You spent 4053 gold pieces at shops.

Inventory:

Hand Weapons
 a - a +9 broad axe of flaming (weapon)
 b - a +5 antimagic broad axe
Missiles
 y - 4 javelins
 z - a throwing net
 K - 51 boomerangs (quivered)
Armour
 e - a +0 pair of boots of running (worn)
 k - the +9 scales of the Dragon King (worn) {rPois rF+ rC+ MR+}
   (You found it on level 3 of the Depths)

   It protects you from fire.
   It protects you from cold.
   It protects you from poison.
   It affects your resistance to hostile enchantments.
 u - a +2 cloak of magic resistance (worn)
 M - a +2 pair of gloves (worn)
 O - a +0 large shield (worn)
Jewellery
 j - a ring of resist corrosion (left hand)
 p - an uncursed ring of stealth
 r - a +4 ring of slaying (right hand)
 D - an uncursed ring of flight
 R - an amulet of faith (around neck)
 V - an uncursed ring of protection from cold
Wands
 d - a wand of digging (30)
 t - a wand of paralysis (5)
 E - a wand of scattershot (3)
 N - a wand of flame (87)
 P - a wand of acid (50)
 S - a wand of iceblast (73)
 U - a wand of polymorph (33)
Scrolls
 l - 29 scrolls of remove curse
 m - 3 scrolls of fear
 o - 9 scrolls of enchant armour
 w - 2 scrolls of summoning
 C - 6 scrolls of magic mapping
 F - 6 scrolls of blinking
 H - 14 scrolls of teleportation
 X - 9 scrolls of identify
 Y - 4 scrolls of fog
 Z - 2 scrolls of silence
Potions
 c - 2 potions of berserk rage
 g - 13 potions of heal wounds
 i - 7 potions of brilliance
 n - 27 potions of curing
 v - 10 potions of agility
 x - 11 potions of mutation
 A - 7 potions of lignification
 G - 5 potions of might
 I - 8 potions of haste
 J - 6 potions of resistance
 T - a potion of magic
 W - 3 potions of cancellation
Miscellaneous
 q - a lamp of fire
 B - a phantom mirror
 L - 4 boxes of beasts
Comestibles
 f - 46 rations


   Skills:
 + Level 25.2 Fighting
   Level 1.2 Long Blades
 - Level 22.0 Axes
 + Level 25.2 Armour
 - Level 20.0 Dodging
 - Level 1.5 Stealth
 + Level 24.2 Shields
 - Level 14.0 Invocations


You had 25 spell levels left.
You didn't know any spells.
Your spell library contained the following spells:

 Spells                   Type           Power        Failure   Level  Hunger
 Animate Skeleton         Necr           N/A          95%         1    ##.....
 Apportation              Tloc           #.....       95%         1    ##.....
 Beastly Appendage        Tmut           #.....       95%         1    ##.....
 Confusing Touch          Hex            #.....       95%         1    ##.....
 Corona                   Hex            #......      95%         1    ##.....
 Flame Tongue             Conj/Fire      #....        95%         1    ##.....
 Freeze                   Ice            #...         95%         1    ##.....
 Pain                     Necr           #...         95%         1    ##.....
 Sandblast                Erth           #.....       95%         1    ##.....
 Shock                    Conj/Air       #...         95%         1    ##.....
 Summon Butterflies       Summ           #.......     95%         1    ##.....
 Summon Small Mammal      Summ           #...         95%         1    ##.....
 Call Imp                 Summ           #.......     98%         2    ###....
 Ensorcelled Hibernation  Hex/Ice        #.....       98%         2    ###....
 Passwall                 Tmut/Erth      #.......     98%         2    ###....
 Slow                     Hex            #.......     98%         2    ###....
 Sticks to Snakes         Tmut           #.......     98%         2    ###....
 Sublimation of Blood     Necr           #.........   98%         2    ###....
 Swiftness                Chrm/Air       #.......     98%         2    ###....
 Call Canine Familiar     Summ           #.......     100%        3    ####...
 Confuse                  Hex            #.......     100%        3    ####...
 Dazzling Spray           Conj/Hex       #.....       100%        3    ####...
 Gell's Gravitas          Tloc           #.........   100%        3    ####...
 Ignite Poison            Fire/Tmut/Pois #.......     100%        3    ####...
 Inner Flame              Hex/Fire       #.......     100%        3    ####...
 Lesser Beckoning         Tloc           #.........   100%        3    ####...
 Mephitic Cloud           Conj/Pois/Air  #.......     100%        3    ####...
 Portal Projectile        Hex/Tloc       #.....       100%        3    ####...
 Recall                   Summ/Tloc      N/A          100%        3    ####...
 Regeneration             Chrm/Necr      #.........   100%        3    ####...
 Spider Form              Tmut/Pois      #.........   100%        3    ####...
 Static Discharge         Conj/Air       #.......     100%        3    ####...
 Stone Arrow              Conj/Erth      #.....       100%        3    ####...
 Summon Guardian Golem    Hex/Summ       #.......     100%        3    ####...
 Tukima's Dance           Hex            #.......     100%        3    ####...
 Vampiric Draining        Necr           #.........   100%        3    ####...
 Airstrike                Air            #.........   100%        4    #####..
 Animate Dead             Necr           N/A          100%        4    #####..
 Cause Fear               Hex            #.........   100%        4    #####..
 Force Lance              Conj/Tloc      #.......     100%        4    #####..
 Fulminant Prism          Conj/Hex       #.........   100%        4    #####..
 Ice Form                 Ice/Tmut       #.......     100%        4    #####..
 Olgreb's Toxic Radiance  Pois           #.......     100%        4    #####..
 Petrify                  Tmut/Erth      #.......     100%        4    #####..
 Summon Ice Beast         Ice/Summ       #.......     100%        4    #####..
 Summon Lightning Spire   Summ/Air       #.......     100%        4    #####..
 Throw Icicle             Conj/Ice       #.......     100%        4    #####..
 Alistair's Intoxication  Tmut/Pois      #.......     100%        5    ######.
 Aura of Abjuration       Summ           #.........   100%        5    ######.
 Blade Hands              Tmut           #.........   100%        5    ######.
 Bolt of Draining         Conj/Necr      #.........   100%        5    ######.
 Fireball                 Conj/Fire      #.........   100%        5    ######.
 Irradiate                Conj/Tmut      #.........   100%        5    ######.
 Lee's Rapid Deconstruct  Erth           #.........   100%        5    ######.
 Lightning Bolt           Conj/Air       #.........   100%        5    ######.
 Metabolic Englaciation   Hex/Ice        #.........   100%        5    ######.
 Silence                  Hex/Air        #.........   100%        5    ######.
 Summon Demon             Summ           #.........   100%        5    ######.
 Summon Forest            Summ/Tloc      #.........   100%        5    ######.
 Summon Mana Viper        Hex/Summ       #.......     100%        5    ######.
 Yara's Violent Unravell  Hex/Tmut       #.........   100%        5    ######.
 Bolt of Cold             Conj/Ice       #.........   100%        6    #######
 Bolt of Fire             Conj/Fire      #.........   100%        6    #######
 Darkness                 Hex            #.........   100%        6    #######
 Deflect Missiles         Chrm/Air       #.........   100%        6    #######
 Dispersal                Tloc           #.........   100%        6    #######
 Freezing Cloud           Conj/Ice/Air   #.........   100%        6    #######
 Invisibility             Hex            #.......     100%        6    #######
 Ozocubu's Refrigeration  Ice            #.........   100%        6    #######
 Shadow Creatures         Summ           N/A          100%        6    #######
 Simulacrum               Ice/Necr       #.........   100%        6    #######
 Statue Form              Tmut/Erth      #........    100%        6    #######
 Dragon Form              Tmut           #.........   100%        7    #######
 Spellforged Servitor     Conj/Summ      #.........   100%        7    #######
 Summon Hydra             Summ           #.........   100%        7    #######
 Controlled Blink         Tloc           N/A          100%        8    #######
 Discord                  Hex            #.........   100%        8    #######
 Disjunction              Tloc           #.........   100%        8    #######
 Dragon's Call            Summ           #.........   100%        9    #######


Dungeon Overview and Level Annotations

Branches:
Dungeon (15/15)            Temple (0/1) D:7            Lair (6/6) D:9
  Swamp (4/4) Lair:4       Spider (4/4) Lair:4        Slime (5/5) Lair:5
    Orc (2/2) D:9             Elf (3/3) Orc:2        Vaults (5/5) D:13
  Crypt (0/3) Vaults:3     Depths (5/5) D:15            Zot (0/5) Depths:5
  IceCv (visited)          WizLab (visited)

Altars:
Ashenzari
Cheibriados
Elyvilon
Fedhas
Kikubaaqudgha
Makhleb
Nemelex Xobeh
Okawaru
Qazlal
Sif Muna
Trog
Uskayaw
Vehumet
Xom
Yredelemnul
Zin
The Shining One

Shops:
D:6 [   D:7 [   D:10 [   D:14 =   Orc:1 *   Orc:2 ![?!   Elf:2 %   Vaults:2 *
Depths:1 [[   Depths:2 *}=}

Portals:
Hell: Depths:1 Depths:2 Depths:3 Depths:4 Depths:5
Abyss: Depths:4 Depths:5
Pandemonium: Depths:3
Ziggurat: Depths:2
Trove: Depths:3 (give +2 gold dragon scales)

Annotations:
Slime:5 Dissolution
Elf:2 1 transporter, Felysteg's ghost, veteran MiBe


Innate Abilities, Weirdness & Mutations

You reflexively headbutt those who attack you in melee.
You have a pair of horns on your head.
Scrolls take you a little longer to read.
You evolve.


Message History

The splash of acid hits you! You resist.
* * * LOW HITPOINT WARNING * * *
The acid corrodes you!
You are splashed with acid.
You resist.
* * * LOW HITPOINT WARNING * * *
The floating eye gazes piercingly through you!
You suddenly lose the ability to move!
The death ooze hits you!
* * * LOW HITPOINT WARNING * * *
You feel ill.
You feel your flesh rotting away!
The death ooze hits you but does no damage.
The azure jelly hits you.
* * * LOW HITPOINT WARNING * * *
The azure jelly freezes you!! You resist.
* * * LOW HITPOINT WARNING * * *
The azure jelly hits you but does no damage. x3
The death ooze hits you!
* * * LOW HITPOINT WARNING * * *
The death ooze hits you!!
* * * LOW HITPOINT WARNING * * *
The death ooze hits you!!
You die...

#.....#....#.####
###............#..## ##
#........<.........##..
##......................
........................
........................
....G..J................
....GGJJJJ..............
.....JJ@J...............
.....JJJJ...............
......GJ................
........................
........................
........................
........................
........................
.........


You could see Dissolution, an acid blob, 2 azure jellies, 9 death oozes, 2 eyes
of draining and 2 floating eyes.

Vanquished Creatures
  the Royal Jelly (Slime:5)
  2 ancient liches (Depths:3)
  Mara (Spider:3)
  A juggernaut (Depths:4)
  Bai Suzhen (Vaults:3)
  3 golden dragons
  4 caustic shrikes (Depths:5)
  Rupert (Lair:3)
  6 tentacled monstrosities
  7 liches
  A deep elf master archer (Elf:3)
  A quicksilver dragon (Depths:2)
  3 deep elf blademasters
  5 titans
  11 acid blobs
  A thorn hunter (Swamp:4)
  11 sphinxes
  4 shadow dragons
  4 storm dragons
  A draconian monk (Depths:5)
  Donald (Spider:2)
  8 fire giants
  7 tengu reavers
  The ghost of Haquwar the Tortoise, a journeyman MiGl of Makhleb (Spider:1)
  3 azure jellies
  9 frost giants
  19 vault wardens
  7 deep elf sorcerers
  4 iron dragons
  3 ghost moths (Spider:4)
  Louise (Swamp:4)
  5 emperor scorpions
  A balrug (Depths:1)
  2 deep elf elementalists
  A curse skull (Depths:3)
  2 grey draconians (Depths:5)
  2 large abominations
  13 ironheart preservers
  17 stone giants
  2 black draconians (Depths:5)
  2 war gargoyles
  2 draconian annihilators
  7 vampire knights
  33 very ugly things
  6 entropy weavers
  2 red draconians (Depths:5)
  11 deep elf demonologists
  9 spark wasps
  2 yellow draconians (Depths:5)
  2 orange crystal statues
  12 deep elf annihilators
  A green death (Depths:3)
  11 ettins
  10 deep elf death magi
  5 death oozes
  A merfolk impaler (Depths:4)
  15 fire dragons
  16 yaktaur captains
  6 deep elf high priests
  28 hydras
  A hell beast (Elf:3)
  8 ice dragons
  9 great orbs of eyes
  Harold (D:8)
  33 vault guards
  4 rakshasas
  4 spriggan air magi
  A catoblepas (Depths:1)
  12 centaur warriors
  2 ghost crabs (Swamp:4)
  3 shambling mangroves
  Erica (D:8)
  A merfolk aquamancer (Depths:3)
  30 two-headed ogres
  The ghost of ciphuk the Nimble, a journeyman KoAs of Okawaru (D:10)
  23 dancing weapons
  5 death knights
  8 death scarabs (Spider:4)
  12 ogre magi
  4 alligators
  An alligator (shapeshifter) (Vaults:5)
  8 death yaks
  11 deep troll shamans
  4 orc high priests
  6 tengu warriors
  10 deep troll earth magi
  19 spriggan berserkers
  8 hell knights
  2 sun demons (Depths:1)
  34 deep elf knights
  5 soul eaters
  A salamander mystic (Depths:4)
  A storm dragon skeleton (Vaults:3)
  3 shadow wraiths
  A sixfirhy (Depths:3)
  11 skeletal warriors
  5 iron trolls
  4 spriggan druids
  34 deep trolls
  An infernal demonspawn (Depths:3)
  3 unseen horrors (Vaults:1)
  20 deep elf archers
  4 glowing orange brains
  12 wizards
  9 swamp dragons
  A deep troll (shapeshifter) (Vaults:5)
  A spectral wolf spider (Spider:4)
  5 flayed ghosts
  4 wolf spider zombies (Spider:4)
  Pikel (D:4)
  3 necromancers
  3 phantasmal warriors
  22 ironbrand convokers
  14 harpies
  17 orc knights
  A harpy (shapeshifter) (D:13)
  81 deep elf magi
  14 manticores
  5 orc sorcerers
  26 orb spiders
  4 salamanders (Depths:4)
  33 ugly things
  24 wolf spiders
  8 cyclopes
  7 black mambas
  A shining eye (Slime:2)
  An orange demon (Depths:3)
  8 elephants
  3 moths of wrath
  A black mamba (shapeshifter) (Elf:1)
  3 centaur skeletons
  15 vault sentinels
  An ice statue (IceCv)
  An eye of devastation (Slime:5)
  Joseph (D:8)
  A gargoyle (D:10)
  2 torpor snails
  12 spiny frogs
  7 komodo dragons
  3 spectral redbacks (Spider:4)
  A redback zombie (Spider:4)
  3 rime drakes
  A komodo dragon (shapeshifter) (Vaults:5)
  13 demonic crawlers
  2 rime drakes (shapeshifter)
  47 yaktaurs
  A hellwing (Depths:3)
  2 kobold demonologists (Depths:3)
  4 tengu conjurers
  An efreet (D:14)
  6 small abominations
  6 freezing wraiths
  3 meliai (D:14)
  2 red devils (Depths:5)
  49 jumping spiders
  A meliai (shapeshifter) (Vaults:3)
  2 queen bees
  A silent spectre (Depths:3)
  8 trolls
  2 spectral jumping spiders (Spider:4)
  14 polar bears
  28 hornets
  Prince Ribbit (D:8)
  2 spectral tarantellas (Spider:4)
  3 tyrant leeches
  57 slime creatures
  2 blink frogs (shapeshifter) (Elf:2)
  A tarantella zombie (Spider:4)
  10 bog bodies
  3 blink frogs (Lair:6)
  9 dream sheep
  2 jumping spider zombies (Spider:4)
  14 hippogriffs
  An air elemental (Elf:3)
  4 shadows
  64 redbacks
  11 water elementals
  19 spriggans
  A yak (shapeshifter) (Vaults:1)
  30 tarantellas
  9 wyverns
  A spriggan (shapeshifter) (Depths:3)
  20 humans (D:13)
  2 hogs (shapeshifter)
  2 basilisks (shapeshifter)
  2 fire elementals (Elf:1)
  A golden eye (shapeshifter) (Vaults:1)
  A steam dragon (D:15)
  2 human simulacra
  6 wraiths
  77 yaks
  2 hungry ghosts (D:11)
  3 golden eyes (Slime:2)
  14 swamp worms
  5 basilisks
  16 vampire mosquitoes
  Menkaure (D:4)
  6 insubstantial wisps (Swamp:1)
  6 wargs
  10 water moccasins
  9 porcupines
  3 acid dragons (Depths:5)
  A floating eye (Depths:2)
  14 hell hounds
  A spectral hornet (Spider:4)
  7 ice beasts
  2 phantoms
  32 orc warriors
  15 swamp drakes
  31 ogres
  3 black bears
  2 eyes of draining
  2 sky beasts
  7 necrophages
  38 wolves
  An eye of draining (shapeshifter) (D:13)
  15 centaurs
  5 boggarts
  15 crocodiles
  A human skeleton (Vaults:3)
  Blork the orc (D:4)
  A big kobold (D:9)
  21 bullfrogs
  A wyvern zombie (D:12)
  A human zombie (Vaults:3)
  3 earth elementals
  A wyvern skeleton (D:9)
  4 scorpions
  4 wights (D:14)
  23 killer bees
  An electric eel (Lair:4)
  2 centaur zombies
  8 crimson imps
  2 bullfrog zombies
  A quasit (D:9)
  2 bullfrog skeletons
  3 hounds
  31 orc wizards
  20 orc priests
  A jelly (D:11)
  An iron imp (Depths:3)
  3 iguanas
  12 worker ants
  Natasha (thrice) (D:2 D:1)
  A hound skeleton (D:6)
  2 worker ant zombies
  Robin (D:1)
  3 gnolls (D:7)
  12 adders
  7 shadow imps
  10 white imps
  An ooze (D:3)
  3 adder zombies
  An adder skeleton (D:7)
  7 worms
  3 dart slugs
  7 leopard geckos
  91 orcs
  5 giant cockroaches
  15 goblins
  8 hobgoblins
  10 jackals
  3 quokkas
  A ball python (D:6)
  15 bats
  6 frilled lizards
  10 kobolds
  3 rats
  7 crawling corpses
  2 fungi
  A plant (Lair:5)
2278 creatures vanquished.

Vanquished Creatures (collateral kills)
  A caustic shrike (Depths:5)
  A lich (Depths:3)
  A deep elf master archer (Elf:3)
  3 deep elf sorcerers
  A ghost moth (Spider:4)
  2 stone giants (Vaults:4)
  A very ugly thing (Vaults:4)
  A draconian annihilator (Depths:3)
  A deep elf demonologist (Vaults:4)
  2 deep elf annihilators (Elf:3)
  2 deep elf death magi (Elf:3)
  Josephine (D:13)
  A deep elf high priest (Elf:3)
  A great orb of eyes (Vaults:4)
  3 hydras
  A merfolk aquamancer (Depths:3)
  A spriggan air mage (Depths:3)
  An alligator (Swamp:4)
  A death knight (Vaults:4)
  An orc high priest (Orc:2)
  A deep elf knight (Vaults:4)
  A soul eater (Depths:3)
  A necromancer (Depths:3)
  An orc sorcerer (Orc:2)
  2 deep elf magi (Vaults:4)
  A cyclops (D:13)
  2 orb spiders (Spider:4)
  A manticore (D:13)
  A black mamba (Lair:3)
  A rime drake (Lair:3)
  A demonic crawler (Spider:4)
  A tyrant leech (Swamp:4)
  5 jumping spiders (Spider:4)
  2 hornets (Spider:4)
  A polar bear (IceCv)
  A bog body (Swamp:4)
  2 wraiths (D:13)
  6 yaks
  2 vampire mosquitoes (Swamp:4)
  A spectral hornet (Spider:4)
  A crocodile (Lair:3)
  A big kobold (D:13)
  A bullfrog (Lair:3)
  A jelly (D:13)
  An orc wizard (Orc:2)
  3 white imps (D:13)
  An orc (D:13)
70 creatures vanquished.

Vanquished Creatures (others)
  A fire giant (Depths:3)
  A deep elf mage (Elf:1)
  An orb spider (Spider:1)
  3 jumping spiders
  A tyrant leech (Swamp:4)
  A bog body (Swamp:1)
  A human (Depths:3)
  A swamp drake (Swamp:2)
  A jackal (D:4)
  11 fungi
  4 plants
26 creatures vanquished.

Grand Total: 2374 creatures vanquished

Notes
Turn   | Place    | Note
-------+----------+-------------------------------------------
     0 | D:1      | Kagalorn the Minotaur Wanderer began the quest for the Orb.
     0 | D:1      | Kagalorn set off with the following items: a +2 dagger, a
                  | potion of berserk rage, a +0 shortbow, 22 arrows, a +0 ring
                  | mail, a ration
     0 | D:1      | Reached XP level 1. HP: 22/22 MP: 0/0
   192 | D:1      | Reached skill level 5 in Fighting
   207 | D:1      | Reached XP level 2. HP: 25/29 MP: 1/1
   977 | D:2      | Noticed Robin
   996 | D:1      | Killed Robin
   996 | D:1      | Reached XP level 3. HP: 28/36 MP: 2/2
  1116 | D:2      | Found a hide-covered altar of Uskayaw.
  1149 | D:2      | Noticed Natasha
  1155 | D:2      | Killed Natasha
  1155 | D:2      | Reached XP level 4. HP: 42/42 MP: 3/3
  1227 | D:2      | Found a burning altar of Makhleb.
  1227 | D:2      | Found an ancient bone altar of Kikubaaqudgha.
  1227 | D:2      | Found a glowing golden altar of the Shining One.
  1264 | D:2      | Became a worshipper of the Shining One
  1289 | D:2      | Noticed Natasha
  1434 | D:2      | Killed Natasha
  1485 | D:2      | Noticed Natasha
  1507 | D:1      | Killed Natasha
  1507 | D:1      | Reached skill level 1 in Invocations
  1629 | D:1      | Reached XP level 5. HP: 46/50 MP: 3/5
  1774 | D:2      | Found an iron altar of Okawaru.
  2319 | D:3      | Reached * piety under the Shining One
  2572 | D:3      | Found a stormy altar of Qazlal.
  2598 | D:3      | Reached XP level 6. HP: 57/57 MP: 6/6
  2629 | D:3      | Found a white marble altar of Elyvilon.
  2895 | D:3      | Found a sparkling altar of Nemelex Xobeh.
  3010 | D:3      | Found a basalt altar of Yredelemnul.
  3013 | D:3      | Found a snail-covered altar of Cheibriados.
  3093 | D:4      | Noticed Menkaure
  3229 | D:4      | Killed Menkaure
  3520 | D:4      | Noticed Blork the orc
  3531 | D:4      | Killed Blork the orc
  3596 | D:4      | Noticed a slave
  3596 | D:4      | Noticed Pikel
  3642 | D:4      | Noticed a slave
  3642 | D:4      | Noticed a slave
  3645 | D:4      | Noticed a slave
  3874 | D:5      | Entered Level 5 of the Dungeon
  3884 | D:5      | Reached XP level 7. HP: 61/64 MP: 8/8
  4838 | D:6      | Reached skill level 5 in Armour
  4929 | D:6      | Reached skill level 5 in Invocations
  4929 | D:6      | Reached XP level 8. HP: 60/73 MP: 7/10
  4947 | D:6      | Found Igacehuw's Armour Shop.
  5031 | D:6      | Reached skill level 5 in Dodging
  5137 | D:6      | Reached ** piety under the Shining One
  5383 | D:6      | Found a shattered altar of Ashenzari.
  5654 | D:7      | Found a shimmering altar of Xom.
  5655 | D:7      | Found a staircase to the Ecumenical Temple.
  5661 | D:7      | Noticed an angel
  5666 | D:7      | Found a glowing silver altar of Zin.
  5889 | D:6      | Reached XP level 9. HP: 36/81 MP: 6/13
  6164 | D:7      | Found Qiytimn's Armour Emporium.
  6311 | D:7      | Found a bloodstained altar of Trog.
  6470 | D:7      | Found a shimmering blue altar of Sif Muna.
  6700 | D:4      | Killed Pikel
  7216 | D:8      | Noticed Erica
  7233 | D:8      | Killed Erica
  7473 | D:8      | Noticed Prince Ribbit
  7484 | D:8      | Killed Prince Ribbit
  7484 | D:8      | Reached XP level 10. HP: 81/91 MP: 15/15
  7700 | D:8      | Reached *** piety under the Shining One
  7790 | D:8      | Noticed Harold
  7799 | D:8      | Killed Harold
  7872 | D:8      | Noticed Joseph
  7892 | D:8      | Killed Joseph
  8155 | D:8      | Reached skill level 10 in Fighting
  8339 | D:9      | Found a radiant altar of Vehumet.
  8437 | D:9      | Found a staircase to the Orcish Mines.
  8470 | D:9      | Found a blossoming altar of Fedhas.
  8525 | D:9      | Reached skill level 10 in Invocations
  8573 | D:9      | Found a staircase to the Lair.
  8573 | D:9      | Noticed an elephant
  8607 | D:9      | Killed an elephant
  8902 | D:9      | Reached XP level 11. HP: 65/99 MP: 14/17
  9475 | D:10     | Entered Level 10 of the Dungeon
  9511 | D:10     | Found a runed translucent gate.
  9511 | D:10     | Found a runed translucent gate.
  9511 | D:10     | Found a runed translucent gate.
  9516 | D:10     | Noticed ciphuk's ghost (journeyman KoAs)
  9662 | D:10     | Noticed a two-headed ogre
  9671 | D:10     | Killed a two-headed ogre
  9782 | D:10     | Found Vussin Jallu's Armour Shop.
  9808 | D:10     | Reached **** piety under the Shining One
  9993 | D:10     | Reached skill level 10 in Armour
 11442 | D:12     | Noticed a tengu warrior
 11457 | D:12     | Noticed a tengu warrior
 11482 | D:12     | Killed a tengu warrior
 11490 | D:12     | Killed a tengu warrior
 11788 | D:12     | Noticed a cyan ugly thing
 11803 | D:12     | Killed a cyan ugly thing
 11807 | D:12     | Reached skill level 10 in Dodging
 12298 | D:12     | Noticed a purple ugly thing
 12315 | D:12     | Killed a purple ugly thing
 12315 | D:12     | Reached skill level 1 in Axes
 12457 | D:12     | Noticed a two-headed ogre
 12466 | D:12     | Killed a two-headed ogre
 12958 | Lair:1   | Entered Level 1 of the Lair of Beasts
 12958 | Lair:1   | Noticed an eight-headed hydra
 12987 | D:9      | Killed a two-headed hydra
 12987 | D:9      | Reached XP level 12. HP: 58/106 MP: 12/20
 13354 | Lair:1   | Reached skill level 5 in Axes
 13693 | Lair:1   | Got a pitted mace
 13919 | Lair:2   | Noticed a five-headed hydra
 13936 | Lair:1   | Killed a one-headed hydra
 14191 | Lair:2   | Reached ***** piety under the Shining One
 14208 | Lair:2   | Got an ancient ring mail
 14220 | Lair:2   | Identified the cursed +0 mace "Joech" {elec, Int+7} (You
                  | found it on level 1 of the Lair of Beasts)
 14818 | Lair:3   | Noticed an eight-headed hydra
 14829 | Lair:3   | Killed a two-headed hydra
 15296 | Lair:3   | Noticed Rupert
 15307 | Lair:3   | Killed Rupert
 15455 | Lair:3   | Found a sparkling altar of Nemelex Xobeh.
 15870 | Lair:4   | Found a hole to the Spider Nest.
 15966 | Lair:4   | Reached skill level 10 in Axes
 16204 | Lair:4   | Reached XP level 13. HP: 111/113 MP: 22/22
 17205 | Lair:4   | Found a staircase to the Swamp.
 18001 | Lair:5   | Found a staircase to the Slime Pits.
 19008 | Lair:6   | Entered Level 6 of the Lair of Beasts
 19990 | Lair:6   | Reached skill level 5 in Shields
 20319 | Lair:6   | Reached XP level 14. HP: 121/121 MP: 23/23
 20632 | Lair:6   | Reached skill level 15 in Axes
 21968 | D:10     | Killed ciphuk's ghost
 22153 | D:13     | Reached ****** piety under the Shining One
 22218 | D:13     | Noticed Josephine
 22225 | D:13     | Identified the +5 large shield "Zoroti" {-Tele *Contam
                  | rN+++ SInv}
 22229 | D:13     | Killed Josephine
 22238 | D:13     | Found a frozen archway.
 22449 | IceCv    | Entered an ice cave
 23049 | IceCv    | Got a heavily runed glass ring
 23062 | IceCv    | Identified the ring of Kome {Int+5 Dex+3} (You found it in
                  | an ice cave)
 23689 | IceCv    | Noticed a frost giant
 23705 | IceCv    | Killed a frost giant
 23786 | IceCv    | Identified the Papyrus of the Glacier
 24009 | D:13     | Found a burning altar of Makhleb.
 24130 | D:13     | The Shining One protects you from harm!
 24551 | D:13     | Reached XP level 15. HP: 62/131 MP: 24/24
 25070 | D:13     | Got an iridescent scimitar
 25601 | D:13     | Found a gate to the Vaults.
 25823 | D:14     | Found Oraoc's Jewellery Boutique.
 26118 | D:14     | Identified the +3 scimitar of Mandamus {slice, rN+ SInv
                  | Stlth-} (You found it on level 13 of the Dungeon)
 26130 | D:14     | Identified the +1 ring mail of the Peculiar Songs {rCorr
                  | Dex+4} (You found it on level 2 of the Lair of Beasts)
 26532 | D:15     | Entered Level 15 of the Dungeon
 27449 | D:15     | Found a staircase to the Depths.
 27958 | Orc:1    | Entered Level 1 of the Orcish Mines
 28075 | Orc:2    | Entered Level 2 of the Orcish Mines
 28090 | Orc:2    | Found a staircase to the Elven Halls.
 28560 | Orc:2    | Paralysed by an orc sorcerer for 4 turns
 29084 | Orc:2    | Found Juebet's Distillery.
 29084 | Orc:2    | Found Toreog's Magic Scroll Boutique.
 29086 | Orc:2    | Reached skill level 10 in Shields
 29089 | Orc:2    | Found Yggow's Armour Emporium.
 29089 | Orc:2    | Found Vilef's Distillery.
 29125 | Orc:2    | Bought a potion of magic for 96 gold pieces
 29125 | Orc:2    | Bought a potion of resistance for 120 gold pieces
 29125 | Orc:2    | Bought a potion of lignification for 36 gold pieces
 29125 | Orc:2    | Bought a potion of curing for 36 gold pieces
 29125 | Orc:2    | Bought 2 potions of heal wounds for 120 gold pieces
 29137 | Orc:2    | Bought a potion of agility for 72 gold pieces
 29137 | Orc:2    | Bought a potion of heal wounds for 90 gold pieces
 29137 | Orc:2    | Bought a potion of haste for 180 gold pieces
 29137 | Orc:2    | Bought a potion of heal wounds for 90 gold pieces
 29137 | Orc:2    | Bought a potion of curing for 54 gold pieces
 29139 | Orc:2    | Bought a scroll of acquirement for 728 gold pieces
 29139 | Orc:2    | Bought a scroll of enchant weapon for 105 gold pieces
 29139 | Orc:2    | Bought a scroll of silence for 105 gold pieces
 29139 | Orc:2    | Bought a scroll of blinking for 105 gold pieces
 29144 | Orc:2    | Got a translucent hat
 29145 | Orc:2    | Identified the +2 hat of Twilight {rF+ rCorr Int+2} (You
                  | acquired it on level 2 of the Orcish Mines)
 29805 | Orc:1    | Found Ruxosy's General Store.
 29830 | Orc:1    | Bought a scroll of fog for 28 gold pieces
 29830 | Orc:1    | Bought a scroll of teleportation for 42 gold pieces
 29981 | Orc:2    | Bought 3 scrolls of silence for 315 gold pieces
 29981 | Orc:2    | Bought a scroll of identify for 28 gold pieces
 30196 | Swamp:1  | Entered Level 1 of the Swamp
 30340 | Swamp:1  | Noticed a tentacled monstrosity
 30362 | Swamp:1  | Killed a tentacled monstrosity
 30509 | Swamp:1  | Got a warped crystal plate armour
 30520 | Swamp:1  | Identified the +0 crystal plate armour "Betzoew" {rC+
                  | Int+3} (You acquired it on level 1 of the Swamp)
 30532 | Swamp:1  | Reached XP level 16. HP: 140/143 MP: 25/25
 33222 | Swamp:4  | Entered Level 4 of the Swamp
 33432 | Swamp:4  | Noticed Louise
 33464 | Swamp:4  | Killed Louise
 33847 | Swamp:4  | Noticed a thorn hunter
 33861 | Swamp:4  | Killed a thorn hunter
 34361 | Swamp:4  | Reached skill level 15 in Fighting
 34539 | Swamp:4  | Got a decaying rune of Zot
 34580 | Swamp:4  | Reached skill level 15 in Armour
 34918 | Spider:1 | Entered Level 1 of the Spider Nest
 35049 | Spider:1 | Reached XP level 17. HP: 146/155 MP: 26/26
 35611 | Spider:1 | Found a large runed translucent door.
 35612 | Spider:1 | Found a large runed translucent door.
 35615 | Spider:1 | Noticed Haquwar's ghost (journeyman MiGl)
 35632 | Spider:1 | Killed Haquwar's ghost
 36473 | Spider:2 | Noticed Donald
 36485 | Spider:2 | Killed Donald
 36871 | Spider:3 | Identified the Grimoire of Conjuration and Curses
 37045 | Spider:4 | Entered Level 4 of the Spider Nest
 38381 | Spider:4 | Reached XP level 18. HP: 168/168 MP: 27/27
 38432 | Spider:4 | Reached skill level 15 in Shields
 38928 | Spider:4 | Got a gossamer rune of Zot
 39056 | Spider:4 | Noticed Mara
 39063 | Spider:4 | Noticed Kagalorn's illusion
 39216 | Spider:4 | Noticed Kagalorn's illusion
 39261 | Spider:3 | Killed Mara
 39617 | Vaults:1 | Entered Level 1 of the Vaults
 40214 | Vaults:1 | Identified the cursed +1 morningstar "Yzxoa" {freeze,
                  | Fragile rN++ Str+2} (You found it on level 1 of the Vaults)
 40230 | Vaults:1 | Identified the +7 triple crossbow "Desuaneu" {elec, -Tele
                  | MR+ SInv} (You found it on level 1 of the Vaults)
 41182 | Vaults:2 | Reached XP level 19. HP: 176/180 MP: 28/28
 42008 | Vaults:2 | Found Ketips's General Store.
 42038 | Vaults:2 | Bought a scroll of summoning for 190 gold pieces
 42038 | Vaults:2 | Bought a potion of mutation for 160 gold pieces
 44060 | Vaults:3 | Found a staircase to the Crypt.
 44224 | Vaults:3 | Reached XP level 20. HP: 193/193 MP: 29/29
 44308 | Vaults:3 | Noticed Bai Suzhen
 44329 | Vaults:3 | Killed Bai Suzhen
 45044 | Vaults:4 | Found a magical portal.
 45159 | WizLab   | Entered Wucad Mu's Monastery
 45271 | WizLab   | Found the +9 staff of Wucad Mu {channel}
 46532 | Vaults:4 | Reached XP level 21. HP: 154/203 MP: 30/30
 46533 | Vaults:4 | Reached XP level 22. HP: 160/211 MP: 31/31
 46933 | Elf:1    | Entered Level 1 of the Elven Halls
 48185 | Elf:2    | Found a transporter.
 48192 | Elf:2    | Identified the +6 rapier of Jet Koan {freeze, *Slow rPois
                  | rF+ Dex+4}
 48196 | Elf:2    | Found Iteusis's Food Shop.
 48196 | Elf:2    | Identified the +3 longbow "Laxeogh" {velocity, Str+4 Dex+4}
 48201 | Elf:2    | Noticed Felysteg's ghost (veteran MiBe)
 48267 | Elf:2    | Found a huge runed translucent gate.
 48267 | Elf:2    | Found a huge runed translucent gate.
 48267 | Elf:2    | Found a huge runed translucent gate.
 48267 | Elf:2    | Found a huge runed translucent gate.
 48267 | Elf:2    | Found a huge runed translucent gate.
 48412 | Elf:2    | Reached skill level 15 in Dodging
 48485 | Elf:2    | Identified the +5 rapier of Greed {distort, rF+}
 48492 | Elf:2    | Found a transporter.
 48496 | Elf:2    | Found a bloodstained altar of Trog.
 48968 | Elf:3    | Entered Level 3 of the Elven Halls
 50470 | Elf:3    | Reached XP level 23. HP: 222/222 MP: 32/32
 50588 | Elf:3    | Identified the +8 mace of Recaut {freeze, rPois Str+3
                  | Dex-3}
 50590 | Elf:3    | Found the +3 sling "Punk" {acid, rCorr}
 50597 | Elf:3    | Identified the Disquisition on Companions and Toxins
 51040 | Elf:3    | Identified the +4 chain mail "Jisebuo" {Dex+3} (You found
                  | it on level 3 of the Elven Halls)
 51041 | Elf:3    | Identified the Guide on Conjuration and Earth
 51054 | Elf:3    | Identified Zyhei's Compendium of Clay and the Entourage
 51109 | Elf:3    | Identified the +1 cloak of Duck's Teeth {*Slow rC+++ Str-4
                  | Dex+4} (You found it on level 3 of the Elven Halls)
 51165 | Elf:3    | Identified Dewui's Volume of Igneous Arcane Weapons
 51568 | Depths:1 | Entered Level 1 of the Depths
 52659 | Depths:1 | Found the +8 Wrath of Trog {antimagic, *Rage}
 52702 | Depths:1 | Found a gateway to Hell.
 52766 | Depths:1 | Found Esoodd's Antique Armour Emporium.
 52771 | Depths:1 | Found Emummied's Armour Emporium.
 52943 | Depths:2 | Found Riymoin's Assorted Antiques.
 52983 | Depths:2 | Bought a potion of resistance for 330 gold pieces
 52983 | Depths:2 | Bought a heavily runed plate armour for 924 gold pieces
 52983 | Depths:2 | Bought a potion of curing for 99 gold pieces
 52984 | Depths:2 | Identified the +6 plate armour "Hyfutou" {SInv} (You bought
                  | it in a shop on level 2 of the Depths)
 53273 | Depths:2 | Found a gateway to a ziggurat.
 53710 | Depths:2 | Identified the cursed +1 battleaxe "Qoruapt" {chop, +Inv
                  | rElec rF- MR++} (You found it on level 2 of the Depths)
 53867 | Depths:2 | Found Rycirch's Gadget Shop.
 53867 | Depths:2 | Found Fafixkij's Jewellery Emporium.
 53868 | Depths:2 | Found Vyut's Gadget Shop.
 54230 | Depths:3 | Found a one-way gate leading to the halls of Pandemonium.
 54241 | Depths:3 | Identified the +3 large shield "Ekhal" {Str+8 Dex+4 Stlth-}
 54391 | Depths:3 | Found a portal to a secret trove of treasure.
 54721 | Depths:3 | Reached XP level 24. HP: 233/233 MP: 32/32
 55115 | Depths:3 | Found a runed door.
 55351 | Depths:3 | Noticed an ancient lich
 55355 | Depths:3 | Noticed an ancient lich
 55361 | Depths:3 | Killed an ancient lich
 55367 | Depths:3 | Killed an ancient lich
 55377 | Depths:3 | Got a clouded glass ring
 55488 | Depths:3 | Found the +9 scales of the Dragon King {rPois rF+ rC+ MR+}
 55512 | Depths:3 | Identified the ring of Xom's Amusement {rPois rN+ AC+2
                  | Int-3 Dex+3} (You found it on level 3 of the Depths)
 55657 | Depths:3 | Got a scorched pewter ring
 55659 | Depths:3 | Identified the ring "Qyhebex" {+Fly rF- Str+2 Stlth+} (You
                  | acquired it on level 3 of the Depths)
 55835 | Depths:4 | Identified a +0 pair of boots of running (You found it on
                  | level 4 of the Depths)
 55997 | Depths:4 | Found a one-way gate to the infinite horrors of the Abyss.
 56379 | Depths:4 | Noticed a juggernaut
 56391 | Depths:4 | Killed a juggernaut
 56762 | Depths:4 | Identified the Almanac of Venomous Fire
 57234 | Depths:4 | Reached XP level 25. HP: 235/243 MP: 32/32
 57291 | Depths:4 | You fall into a shaft and drop 1 floor!
 57291 | Depths:5 | Entered Level 5 of the Depths
 58467 | Depths:5 | Found a gate to the Realm of Zot.
 58814 | Depths:5 | Found the +10 zealot's sword {holy, *Rage rN+ EV+3}
 59612 | Vaults:5 | Entered Level 5 of the Vaults
 59680 | Vaults:5 | Identified the ring of the Devil's Team {rPois MR- Str+4
                  | SInv Stlth+}
 60092 | Vaults:4 | Reached XP level 26. HP: 175/255 MP: 28/32
 61245 | Vaults:5 | Identified Vaepynuc's Papyrus of Assistive Calling
 61292 | Vaults:5 | Found the cursed +13 scythe of Curses {drain, *Curse}
 61405 | Vaults:5 | Identified the +1 war axe "Kukod" {protect, rPois rN+
                  | Int-5}
 61446 | Vaults:5 | Identified the +9 hand axe of Conflict {speed, rF+}
 61668 | Vaults:5 | Identified the Disquisition on Mutagenic Stolen Souls
 61821 | Vaults:5 | Got a silver rune of Zot
 62432 | Slime:1  | Entered Level 1 of the Pits of Slime
 62473 | Slime:2  | Gained mutation: You evolve. [a shining eye]
 62592 | Slime:5  | Entered Level 5 of the Pits of Slime
 63084 | Slime:5  | Gained mutation: Scrolls take you a little longer to read.
                  | [evolution]
 63117 | Slime:5  | Noticed the Royal Jelly
 63119 | Slime:5  | Noticed Dissolution
 63127 | Slime:5  | Paralysed by a floating eye for 4 turns
 63138 | Slime:5  | Killed the Royal Jelly
 63140 | Slime:5  | Paralysed by a floating eye for 3 turns
 63140 | Slime:5  | HP: 18/385 [death ooze[the Royal Jelly] (21)]
 63141 | Slime:5  | Slain by a death ooze

Levels and vault maps discovered:
D:1:      dpeg_arrival_renting, layout_loops_corners
D:2:      layout_loops_ring, eat_drink_and_be_merry_uskayaw,
          kennysheep_okawaru_gauntlet,
          chequers_temple_overflow_statue_of_worship, first_ration,
          uniq_natasha, uniq_robin
D:3:      layout_rooms, nicolae_overflow_hidden_temple, elyvilon_altar_3,
          grunt_qazlal_sundering
D:4:      layout_cave_pods, corner_web_ring, uniq_pikel, uniq_blork_the_orc,
          uniq_menkaure
D:5:      layout_basic
D:6:      layout_loops_ring, kennysheep_mini, serial_shops, shop
D:7:      layout_rooms, grunt_temple_overflow_order_and_chaos_1,
          kennysheep_mini_moat, lemuel_doored_altar, temple_statues,
          serial_shops, shop
D:8:      layout_loops_ring, uniq_prince_ribbit1, uniq_erica, uniq_joseph,
          uniq_harold
D:9:      layout_basic, vehumet_altar_wand_db, david_lair_generic, orc_0_dummy,
          david_nohive_1, fedhas_altar_4
D:10:     layout_basic, serial_shops, shop_fountains, ebering_ghost_rock_garden,
          minmay_orc_keep
D:11:     layout_stronghold, serial_column_ruins, column_ruins_hut_pillars,
          column_ruins_open_small, column_ruins_open_tiny,
          column_ruins_open_medium, column_ruins_columns_dead_end,
          column_ruins_open_tiny, column_ruins_open_small,
          column_ruins_open_tiny, item_on_display_a
D:12:     layout_loops_cross
D:13:     minmay_the_grid_triangle_9x9_recursive_3_mashed
          [minmay_the_grid_triangle_9x9_sprig,
          minmay_the_grid_triangle_9x9_impossible_snake,
          minmay_the_grid_triangle_9x9_shrine,
          minmay_the_grid_triangle_9x9_prize_schism,
          minmay_the_grid_triangle_9x9_steps,
          minmay_the_grid_triangle_9x9_thin_v,
          minmay_the_grid_triangle_9x9_negative_grid,
          minmay_the_grid_triangle_9x9_from_above,
          minmay_the_grid_triangle_9x9_empty], layout_irregular_city,
          grunt_vaults_entry_tiered, portal_ice_cave_entry_imps, uniq_josephine
D:14:     layout_rooms, solitary_fountain, serial_shops, shop,
          hangedman_decor_slide_cut
D:15:     hangedman_depths_entry_civil_slaughter, layout_loops_ring
Lair:1:   layout_roguey, infiniplex_staircase_pool
Lair:2:   layout_cave_shapes, lemuel_fruit_tree, grunt_megastairs_5
Lair:3:   layout_regular_city, basic_altar, lemuel_fruit_fields,
          grunt_megastairs_3, uniq_rupert
Lair:4:   layout_big_grid, nicolae_swamp_entry_splash_gauntlet,
          spider_nest_entry_rubble, beast_lair_carwin_1
Lair:5:   layout_misc_corridors, slime_dummy, roderic_carrion_pond
Lair:6:   minmay_lair_end_enchanted_forest, layout_regular_city
Swamp:1:  cheibrodos_swamp_monstrosity, layout_basic_swamp,
          hangedman_swamp_cone, ldierk_geyser, swamp_pool5,
          nicolae_swamp_dense_foliage
Swamp:2:  layout_basic_swamp, evilmike_swamp_ruin_house_5, swamp_pool1,
          infiniplex_staircase_pool_2
Swamp:3:  layout_basic_swamp, evilmike_swamp_ruin_house_4
Swamp:4:  swamp_basic_johnstein, layout_basic_swamp, uniq_louise
Spider:1: layout_spider_delve, ebering_ghost_disaster_area
Spider:2: layout_spider_delve, uniq_donald
Spider:3: layout_spider_delve, hive_lemuel
Spider:4: floodkiller_spider_rune_tomb, nicolae_spider_shape, uniq_mara
Slime:1:  layout_caves
Slime:2:  layout_caves
Slime:3:  cheibrodos_slime_lost_civilization_8, layout_caves
Slime:4:  layout_caves, nicolae_slime_phagocytosis
Slime:5:  uniq_dissolution
Orc:1:    layout_diamond_mine, serial_shops, shop, roderic_batcave
Orc:2:    st_orc_elflike, layout_diamond_mine
Elf:1:    minmay_elf_arrival_plus, layout_gridlike, minmay_elf_crystal_heptagon
Elf:2:    layout_rooms, serial_shops, shop, gammafunk_ghost_wrathful_warriors
Elf:3:    minmay_elf_hall_four_x, layout_geoelf_octagon, special_room
          [special_room_mythical_zoo], st_stairs_13, minivault_15,
          hangedman_elf_simple_split
Vaults:1: nicolae_vaults_little_squares_5, nicolae_vaults_ninety_degrees,
          v_misc_4, v_misc_16, vaults_room_pools,
          nicolae_vaults_diagonal_hallway_8, nicolae_vaults_what_the_h,
          nicolae_vaults_twisting_passages, nicolae_vaults_yaktaur_gun_rack,
          vaults_dpeg_encased_lava, nicolae_vaults_little_squares_3,
          layout_vaults_big_room
Vaults:2: nicolae_vaults_circle_grid_a, nicolae_vaults_network_quinsquares
          [nicolae_vaults_network_quincunx_subvault,
          nicolae_vaults_network_quincunx_subvault,
          nicolae_vaults_network_quincunx_subvault,
          nicolae_vaults_network_quincunx_subvault],
          nicolae_vaults_three_branches, ontoclasm_vaults_ring_small,
          nicolae_vaults_minivaults, hangedman_vaults_nails,
          hangedman_vaults_river_flow, vaults_room_grid,
          layout_vaults_maze_bifur, serial_shops, shop
Vaults:3: blue_anna_dwarven_crypt, v_misc_19, hangedman_vaults_corner_blocks,
          vaults_room_fours, ontoclasm_vaults_spin,
          nicolae_vaults_sealed_display, nicolae_vaults_little_ls,
          hangedman_vaults_stretched_pinwheel, v_alt_pattern_3, v_misc_8,
          layout_vaults_omnigrid, uniq_bai_suzhen
Vaults:4: v_rooms_5, vaults_room_hallway, ontoclasm_vaults_ring_large,
          v_alt_pattern_6, ontoclasm_vaults_shuriken, st_octagons_2,
          vaults_room_stairs_pillars, ontoclasm_vaults_loading_screen,
          nicolae_vaults_specimen_jars, vaults_room_corners, layout_vaults_ring,
          mu_enter_wizlab_3
Vaults:5
Depths:1: layout_cave_shapes, minmay_misc_feat_five, special_room
          [special_room_mythical_zoo], lightli_too_deep,
          minmay_guarded_unrand_wrath_of_trog, minmay_shop_star
Depths:2: kennysheep_water_balloons, layout_twisted_cross, enter_ziggurat_e,
          small_statue_intersection, hangedman_coc_ice_floe, serial_shops,
          nicolae_shop_statue_plus, infiniplex_staircase_squiggle,
          minmay_shop_grove, serial_bayou_shore_b
Depths:3: evilmike_wizard_prison, layout_gridlike, serial_bayou_pond_a,
          grunt_hell_entry_dis_grunt, nicolae_trove_entry_crossroad,
          rand_demon_pan_entry_3, minmay_misc_feat_plants, moated_statue
Depths:4: kennysheep_large_vault, layout_gridlike, hell_entry,
          minmay_misc_feat_four_crosses, hangedman_abyss_entry_splay,
          lemuel_flamethrower_1
Depths:5: evilmike_zot_entry_gauntlet, layout_cave_shapes, hellmouth_1,
          serial_co_window_serial, co_window_paths_a,
          co_window_of_opportunity_a, co_window_paths_a, co_window_paths_b,
          co_window_cross_1, co_window_of_opportunity_a, co_window_cross_1,
          co_window_of_opportunity_a, co_window_paths_b,
          co_window_of_opportunity_b, co_window_of_opportunity_c,
          co_window_unsneaky_path_e, co_window_corner_b, co_window_corner_b,
          glass_columns_b, glass_columns_c, abyss_entry

Skill      XL: |  1  2  3  4  5  6  7  8  9 10 11 12 13 14 15 16 17 18 19 20 21 22 23 24 25 26 |
---------------+-------------------------------------------------------------------------------+-----
Fighting       | 5 6 7 8 9 10 11 13 15 16 18 19 20 21 22 23 24 25 | 25.2
Armour         | 2 3 4 5 6 8 9 10 11 13 15 16 18 19 20 21 22 23 24 25 | 25.2
Dodging        | 2 3 4 6 7 8 10 11 13 16 17 18 19 20 | 20.0
Invocations    | 1 2 3 5 6 8 10 12 14 | 14.0
Shields        | 3 4 5 8 10 12 14 16 18 19 20 21 22 23 24 | 24.2
Axes           | 3 10 14 16 18 19 21 22 | 22.0
Long Blades    | |  1.2
Stealth        | |  1.5

Action                   |  1- 3 |  4- 6 |  7- 9 | 10-12 | 13-15 | 16-18 | 19-21 | 22-24 | 25-27 || total
-------------------------+-------+-------+-------+-------+-------+-------+-------+-------+-------++-------
Melee: Dagger            |    64 |    47 |       |       |       |       |       |       |       ||   111
       Headbutt          |     3 |    27 |    80 |   134 |   373 |   342 |   253 |   381 |   213 ||  1806
       Falchion          |       |   119 |   295 |       |       |       |       |       |       ||   414
       Scimitar          |       |       |    25 |   392 |    40 |   100 |       |       |       ||   557
       War axe           |       |       |       |   269 |  1310 |       |       |       |       ||  1579
       Broad axe         |       |       |       |       |   360 |  1517 |   915 |  1475 |   592 ||  4859
       Eveningstar       |       |       |       |       |       |       |       |    45 |       ||    45
 Fire: Shortbow          |       |     6 |       |     4 |       |       |       |       |       ||    10
Throw: Boomerang         |       |       |       |       |       |     8 |       |       |       ||     8
Invok: Divine Shield     |       |       |     1 |       |     1 |       |       |       |     1 ||     3
       Summon Divine War |       |       |       |     1 |     4 |     4 |     2 |     4 |     1 ||    16
       Cleansing Flame   |       |       |       |       |     2 |     2 |       |       |     3 ||     7
 Abil: Evoke Flight      |       |       |       |       |       |       |       |       |     1 ||     1
Evoke: Wand              |       |       |       |       |     1 |     4 |       |       |       ||     5
  Use: Scroll            |       |     1 |     4 |    19 |    12 |     6 |     2 |    23 |     1 ||    68
       Potion            |       |       |       |       |       |     1 |     1 |     2 |     3 ||     7
 Stab: Sleeping          |     1 |       |       |       |       |       |       |       |       ||     1
  Eat: Chunk             |       |     7 |     2 |    18 |    25 |    16 |       |       |     1 ||    69
       Ration            |       |     1 |     3 |     4 |     7 |     6 |     6 |    10 |     6 ||    43
Armor: Ring mail         |    23 |    24 |       |       |       |       |       |       |       ||    47
       Chain mail        |       |    88 |   232 |   216 |       |       |       |       |       ||   536
       Plate armour      |       |       |       |   359 |   830 |       |       |       |       ||  1189
       Crystal plate arm |       |       |       |       |     6 |  1214 |   272 |   512 |       ||  2004
       Gold dragon scale |       |       |       |       |       |       |       |   114 |   315 ||   429
Dodge: Dodged            |    37 |   119 |   169 |   452 |   587 |   371 |   113 |   395 |   195 ||  2438
Block: Buckler           |       |       |       |   136 |   390 |       |       |       |       ||   526
       Reflection        |       |       |       |     2 |     8 |       |       |       |       ||    10
       Large shield      |       |       |       |       |   286 |  1719 |   651 |  1286 |   638 ||  4580
       Rpst.: Falchion   |       |    19 |    49 |       |       |       |       |       |       ||    68
       Scimitar          |       |       |     3 |    68 |     7 |     9 |       |       |       ||    87
